 Dungeon Crawl Stone Soup version 0.29.1-4-g47bece8355 (webtiles) character file.

Game seed: 7903527532534923877

25 styxcanada the Sneak (level 2, 0/15 HPs)
             Began as a Spriggan Brigand on Dec 8, 2022.
             Succumbed to an adder's poison
             ... on level 2 of the Dungeon.
             The game lasted 00:03:04 (1511 turns).

styxcanada the Sneak (Spriggan Brigand)             Turns: 1511, Time: 00:03:05

Health: 0/15       AC:  3    Str:  7    XL:     2   Next: 86%
Magic:  3/3        EV: 17    Int: 12    God:
Gold:   31         SH:  0    Dex: 16    Spells: 1/1 levels left

rFire   . . .      SeeInvis +   a - +2 dagger
rCold   . . .      Faith    .   (no shield)
rNeg    . . .      Spirit   .   b - +0 robe
rPois   .          Reflect  .   (helmet restricted)
rElec   .          Harm     .   c - +0 cloak
rCorr   .          Rampage  .   (gloves unavailable)
Will    .....                   (boots unavailable)
Stlth   +++.......              (no amulet)
HPRegen 0.05/turn               (no ring)
MPRegen 0.08/turn               (no ring)

@: mighty, brilliant, lethally poisoned (0 -> -2), very quick
A: very small, no large weapons, unfitting armour, see invisible, speed 3
a: no special abilities


You were on level 2 of the Dungeon.
You visited 1 branch of the dungeon, and saw 2 of its levels.

You collected 31 gold pieces.

Inventory:

Hand Weapons
 a - a +2 dagger (weapon)
Missiles
 d - 9 poisoned darts (quivered)
 e - 3 curare-tipped darts
 f - a throwing net
 h - 18 stones
Armour
 b - a +0 robe (worn)
 c - a +0 cloak (worn)
Scrolls
 i - 2 scrolls of noise {unknown}
 j - 2 scrolls of identify {unknown}
 k - a scroll of acquirement {unknown}
 l - 2 scrolls of teleportation {unknown}
Potions
 m - a potion of brilliance


   Skills:
 * Level 1.8 Fighting
 + Level 2.1 Short Blades
 + Level 2.0 Throwing
 * Level 2.4 Dodging
 * Level 6.7 Stealth


You had one spell level left.
You didn't know any spells.
Your spell library was empty.

Dungeon Overview and Level Annotations

Branches:
Dungeon (2/15)

Altars:

Shops:
D:1 ((


Innate Abilities, Weirdness & Mutations

You are very small and have problems with some larger weapons.
You are too small for most types of armour.
You have supernaturally acute eyesight. (SInv)
You cover ground extremely quickly. (Speed+++)


Message History

The adder bites you.
You hit the adder.
The adder is heavily wounded.
The adder closely misses you.
You barely miss the adder.
The adder is heavily wounded.
The adder misses you. The adder bites you.
You are poisoned.
The adder poisons you!
You miss the adder.
The adder is heavily wounded.
You feel sick. The adder bites you.
You are more poisoned.
The adder poisons you!
You barely miss the adder. Your punch misses the adder.
The adder is heavily wounded.
You feel sick. The adder bites you.
You barely miss the adder.
The adder is heavily wounded.
You feel sick. The adder bites you.
* * * LOW HITPOINT WARNING * * *
You closely miss the adder.
The adder is heavily wounded.
* * * LOW HITPOINT WARNING * * *
You feel sick. The adder misses you.
You hit the adder.
The adder is almost dead.
* * * LOW HITPOINT WARNING * * *
You feel sick. The adder misses you. The adder barely misses you.
It was a potion of brilliance.
You feel clever all of a sudden.
* * * LOW HITPOINT WARNING * * *
You feel sick. The adder misses you.
It was a potion of might.
You feel very mighty all of a sudden.
* * * LOW HITPOINT WARNING * * *
You feel sick. The adder barely misses you.
You miss the adder.
The adder is almost dead.
You die...

####.#.########## #?
#.#.#........# . #.#
#.#.#.######.# .. ##.#
#.#.#.######.# ... ...
#.#.#.#...##.# ...##.##
#.#.#.#.#.##.# .....#
#.#.#.#.#.##.# #
#..#####.# #.#.#.##.#
###. #...@S...#
#.#.#.##.#
....##.########
#.#.#.##.. #...........
#...#.####
#.#.##############.#
#..................#
####.##############.#
#..........# ###
#.##.#####.. .
#.##.###################


You could see an adder.

Vanquished Creatures
  A worm (D:2)
  A dart slug (D:2)
  5 bats
  2 endoplasms (D:1)
  A giant cockroach (D:1)
  2 quokkas (D:1)
  2 goblins (D:1)
  2 kobolds (D:1)
  3 rats (D:1)
19 creatures vanquished.

Notes
Turn   | Place    | Note
-------+----------+-------------------------------------------
     0 | D:1      | styxcanada the Spriggan Brigand began the quest for the
                  | Orb.
     0 | D:1      | Reached XP level 1. HP: 10/10 MP: 2/2
   258 | D:1      | Reached skill level 6 in Stealth
   601 | D:1      | Reached XP level 2. HP: 15/15 MP: 3/3
   855 | D:1      | Found Iboafah's Weapon Emporium.
   855 | D:1      | Found Cazemore's Antique Weapon Shop.
  1511 | D:2      | Succumbed to an adder's poison

Illustrated notes

Levels and vault maps discovered:
D:1:      dpeg_arrival_boxorama, layout_basic, serial_curves, eino_curves_04,
          eino_curves_04, serial_shops, shop, nicolae_shop_trees,
          corexii_hall_statues_x
D:2:      layout_basic

Skill      XL: |  1 |
---------------+----+-----
Dodging        | 2 |  2.4
Stealth        | 6 |  6.7
Fighting       | |  1.8
Short Blades   | |  2.1
Throwing       | |  2.0

Action                   || total
-------------------------++-------
Melee: Dagger            ||    52
  Use: Potion            ||     2
 Stab: Sleeping          ||    11
Armor: Robe              ||     4
Dodge: Dodged            ||    38
